 Dungeon Crawl Stone Soup version 0.28.0 (webtiles) character file.

Game seed: 4415120547860967729

119 Buxparty the Covered (level 5, -3/33 HPs)
             Began as a Gargoyle Fighter on Mar 19, 2022.
             Killed by divine providence
             ... invoked by an orc priest
              (14 damage)
             ... on level 3 of the Dungeon.
             The game lasted 00:04:17 (2530 turns).

Buxparty the Covered (Gargoyle Fighter)             Turns: 2530, Time: 00:04:18

Health: -3/33      AC: 16    Str: 22    XL:     5   Next: 3%
Magic:  5/5        EV:  9    Int:  8    God:
Gold:   37         SH:  4    Dex:  9    Spells: 4/4 levels left

rFire   . . .      SeeInvis +   a - +0 war axe
rCold   . . .      Faith    .   c - +0 buckler
rNeg    + . .      Spirit   .   i - +3 scale mail "Japrue" {Slay+3 SInv}
rPois   ∞          Reflect  .   g - +0 helmet
rElec   +          Harm     .   (no cloak)
rCorr   .          Rampage  .   (no gloves)
Will    .....                   b - +0 pair of boots
Stlth   ..........              (no amulet)
HPRegen 0.11/turn               (no ring)
MPRegen 0.09/turn               (no ring)

@: no status effects
A: sickness immunity, AC +4, negative energy resistance 1, electricity
resistance, torment resistance 1, petrification resistance
a: no special abilities


You were on level 3 of the Dungeon.
You visited 1 branch of the dungeon, and saw 3 of its levels.

You collected 37 gold pieces.

Inventory:

Hand Weapons
 a - a +0 war axe (weapon)
Missiles
 k - 5 datura-tipped darts (quivered)
Armour
 b - a +0 pair of boots (worn)
 c - a +0 buckler (worn)
 g - a +0 helmet (worn)
 i - the +3 scale mail "Japrue" (worn) {Slay+3 SInv}
   (You found it on level 2 of the Dungeon)

   Slay:      It affects your accuracy & damage with ranged weapons and melee
   (+3).
   SInv:      It lets you see invisible.
Scrolls
 e - 2 scrolls of teleportation {unknown}
 f - 2 scrolls of fear {unknown}
 h - a scroll of enchant weapon {unknown}
 j - a scroll of acquirement {unknown}
 l - a scroll of amnesia {unknown}
 n - a scroll of enchant armour {unknown}
Potions
 d - a potion of might
 m - a potion of flight {unknown}


   Skills:
 + Level 4.1 Fighting
 + Level 2.7 Axes
 + Level 4.2 Armour
 + Level 4.1 Shields


You had 4 spell levels left.
You didn't know any spells.
Your spell library contained the following spells:

 Spells                   Type           Power      Damage    Failure   Level
 Corpse Rot               Necr/Air       0%         N/A       91%         2
 Dazzling Flash           Conj/Hex       0%         N/A       99%         3
 Dispel Undead            Necr           0%         3d6       100%        4
 Iskenderun's Mystic Bla  Conj/Tloc      0%         2d3       100%        4
 Death Channel            Necr           0%         N/A       100%        6
 Starburst                Conj/Fire      0%         6d3       100%        6


Dungeon Overview and Level Annotations

Branches:
Dungeon (3/15)

Altars:

Shops:
D:2 [


Innate Abilities, Weirdness & Mutations

You are immune to sickness and miasma.
Your stone body is resilient. (AC +4)
You are immune to poison.
You resist negative energy. (rN+)
You are resistant to electric shocks. (rElec)
You are resistant to unholy torment.
You are immune to petrification.


Message History

The adder hisses angrily.
You miss the adder. The adder bites you but does no damage.
The adder barely misses you.
You closely miss the adder. The adder closely misses you.
You hit the adder.
The adder is heavily wounded.
The adder barely misses you. The adder misses you.
You barely miss the adder.
The adder is heavily wounded.
You block the adder's attack. The adder closely misses you.
You slash the adder!
You kill the adder!
You have reached level 5!
n - a scroll labelled INUFUO TIR SAE You see here 9 bolts.
Things that are here:
a +0 dagger; 3 stones; a kobold corpse You see here a +0 barding.
There is a stone staircase leading down here.
Done exploring.
(D) Dungeon
Where to? (Enter - D:2, ? - help)
There is a stone staircase leading down here.
You climb downwards.
The goblin shouts!
The orc shouts!
The orc priest shouts!
The orc shouts!
Found a scroll labelled HIEHAOKAGO.
Found a stone staircase leading down.
There is a stone staircase leading up here.
There are monsters nearby!
The orc priest hits you but does no damage.
An orc comes into view. It is wielding a +0 war axe.
You barely miss the orc priest.
The orc shouts!
The orc priest invokes the aid of Beogh against you.
Beogh smites you!
The orc priest mumbles some strange prayers to Beogh against you.
Beogh smites you!
There is a stone staircase leading up here.
The orc priest invokes the aid of Beogh against you.
Beogh smites you!
You die...

..# # #.# #.
#.# #.##.#
#.....
#####.#.#####.#
..........?...#
#..@gooo..#
#.....o.....
#...####.###
#..>. .. #####
#


You could see an orc priest, 3 orcs and a goblin.

Vanquished Creatures
  3 adders (D:2)
  4 gnolls
  A dart slug (D:2)
  5 endoplasms
  2 goblins
  7 hobgoblins
  5 jackals
  3 quokkas
  4 ball pythons (D:1)
  2 bats (D:1)
  4 frilled lizards
  8 kobolds
  2 rats
50 creatures vanquished.

Notes
Turn   | Place    | Note
-------+----------+-------------------------------------------
     0 | D:1      | Buxparty the Gargoyle Fighter began the quest for the Orb.
     0 | D:1      | Reached XP level 1. HP: 14/14 MP: 1/1
   221 | D:1      | Reached XP level 2. HP: 18/19 MP: 2/2
   664 | D:1      | Reached XP level 3. HP: 17/23 MP: 3/3
  1646 | D:1      | Reached XP level 4. HP: 14/29 MP: 4/4
  1932 | D:2      | Identified the +3 scale mail "Japrue" {Slay+3 SInv}
  2078 | D:2      | Found Cabbiocu's Armour Emporium.
  2358 | D:2      | Reached XP level 5. HP: 33/33 MP: 5/5
  2530 | D:3      | Killed from afar by an orc priest

Illustrated notes

Levels and vault maps discovered:
D:1:      sevenhm_arrival_forest_fort_small_4, layout_basic,
          minmay_indecisive_spiral
D:2:      layout_basic, serial_shops, shop
D:3:      layout_basic, nicolae_vehumet_altar_sigil, serial_curves,
          eino_curves_03, eino_curves_03, serial_shops, shop

Skill      XL: |  1  2  3  4 |
---------------+-------------+-----
Axes           | 2 |  2.7
Armour         | 4 |  4.2
Fighting       | 4 |  4.1
Shields        | 4 |  4.1

Action                   |  1- 3 |  4- 6 || total
-------------------------+-------+-------++-------
Melee: War axe           |   103 |    58 ||   161
Armor: Scale mail        |    63 |    30 ||    93
Dodge: Dodged            |    59 |    32 ||    91
Block: Buckler           |    33 |    19 ||    52
